 Dungeon Crawl Stone Soup version 0.26.0-45-g9c1d065592 (webtiles) character file.

Game seed: 1258152454118862135

359878 trckry the Sniper (level 22, -2/141 HPs)
             Began as a Tengu Hunter on Feb 1, 2021.
             Was a High Priest of Okawaru.
             Slain by a hell knight
             ... wielding a +0 glaive of distortion
             ... summoned by a boggart
              (14 damage)
             ... on level 3 of the Depths.
             The game lasted 02:50:53 (67995 turns).

trckry the Sniper (Tengu Hunter)                   Turns: 67995, Time: 02:50:54

Health: -2/141     AC: 30    Str: 20    XL:     22   Next: 42%
Magic:  0/30       EV: 12    Int: 12    God:    Okawaru [*****.]
Gold:   1623       SH:  0    Dex: 17    Spells: 21/21 levels left

rFire    + . .     SeeInvis +   a - +9 heavy crossbow "Sniper" {vorpal, Acc+∞ SInv}
rCold    + + .     Faith    .   (shield currently unavailable)
rNeg     . . .     Spirit   +   q - +0 gold dragon scales
rPois    +         Reflect  .   (helmet restricted)
rElec    +         Harm     .   u - +2 cloak
rCorr    .         Rampage  .   D - +2 pair of gloves {archery}
Will     +++..                  (boots unavailable)
Stlth    ..........             I - amulet of guardian spirit
HPRegen  0.33/turn              W - ring of Rungebbuetz {rElec rC+ Will++}
MPRegen  0.22/turn              Y - +4 ring of protection

@: about to teleport, flying quickly and evasively, quick
A: beak, talons 3, able to fly
}: 2/15 runes: decaying, serpentine
a: Stop Flying, Renounce Religion, Heroism, Finesse


You were on level 3 of the Depths.
You worshipped Okawaru.
Okawaru was extremely pleased with you.
You visited 8 branches of the dungeon, and saw 39 of its levels.
You visited 1 bazaar.
You also visited: Volcano.

You collected 3920 gold pieces.
You spent 2297 gold pieces at shops.

Inventory:

Hand Weapons
 a - the +9 heavy crossbow "Sniper" (weapon) {vorpal, Acc+∞ SInv}
   (You found it on level 1 of the Vaults)

   Any bolt fired from it inflicts extra damage.
   It lets you see invisible.
 b - a +1 spectral lajatang
Missiles
 d - 1086 bolts (quivered ammo)
 N - 28 curare-tipped darts
 O - 3 throwing nets
Armour
 q - +0 gold dragon scales (worn)
 u - a +2 cloak (worn)
 D - a +2 pair of gloves of archery (worn)
 K - a scarf of resistance
Jewellery
 h - the ring of Oteotai {rPois Int+4}
   (You bought it in a shop on level 7 of the Dungeon)

   [ring of poison resistance]

   It affects your intelligence (+4).
   It protects you from poison.
 B - the ring "Haoj" {rPois rF+ rC+++ Will- Str-4}
   (You found it on level 5 of the Lair of Beasts)

   [ring of protection from fire]

   It affects your strength (-4).
   It protects you from fire.
   It renders you almost immune to cold.
   It protects you from poison.
   It affects your willpower, your defense against some magical effects.
 I - an amulet of guardian spirit (around neck)
 R - the ring of Uhaliuts {rN++ MP+9 Str-5 Int-4 SInv}
   (You found it on level 1 of the Swamp)

   [ring of magical power]

   It affects your strength (-5).
   It affects your intelligence (-4).
   It greatly protects you from negative energy.
   It affects your magic capacity (+9).
   It lets you see invisible.
 T - an uncursed ring of resist corrosion
 W - the ring of Rungebbuetz (left hand) {rElec rC+ Will++}
   (You bought it in a shop on level 1 of the Snake Pit)

   [ring of protection from cold]

   It protects you from cold.
   It insulates you from electricity.
   It affects your willpower, your defense against some magical effects.
 Y - a +4 ring of protection (right hand)
Wands
 k - a wand of iceblast (47)
 m - a wand of disintegration (18)
 C - a wand of flame (62)
 E - a wand of acid (10)
 F - a wand of digging (3)
 J - a wand of polymorph (18)
 L - a wand of paralysis (38)
 U - a wand of enslavement (5)
Scrolls
 e - 12 scrolls of enchant weapon
 f - 3 scrolls of silence
 j - 10 scrolls of enchant armour
 l - 20 scrolls of identify
 o - 7 scrolls of blinking
 p - 5 scrolls of summoning
 r - 17 scrolls of teleportation
 s - 22 scrolls of remove curse
 v - 8 scrolls of fog
 x - 4 scrolls of fear
 M - 5 scrolls of immolation
 Q - 5 scrolls of magic mapping
 S - 4 scrolls of vulnerability
 V - 2 scrolls of holy word
Potions
 c - a potion of haste
 g - 6 potions of heal wounds
 i - 3 potions of cancellation
 n - a potion of might
 t - 4 potions of mutation
 z - 4 potions of ambrosia
 A - 13 potions of curing
 G - 6 potions of berserk rage
 H - 2 potions of lignification
 X - 2 potions of invisibility
Miscellaneous
 P - a condenser vane


   Skills:
 + Level 15.7 Fighting
 - Level 14.0 Staves
 * Level 23.0 Crossbows
 + Level 13.6 Armour
 + Level 13.6 Dodging
 - Level 1.0 Stealth
 - Level 10.0 Invocations
 + Level 15.6 Evocations


You had 21 spell levels left.
You didn't know any spells.
Your spell library contained the following spells:

 Spells                   Type           Power        Failure   Level
 Apportation              Tloc           0%           100%        1
 Foxfire                  Conj/Fire      0%           100%        1
 Freeze                   Ice            0%           100%        1
 Shock                    Conj/Air       0%           100%        1
 Swiftness                Air            0%           100%        2
 Confusing Touch          Hex            0%           100%        3
 Conjure Flame            Conj/Fire      0%           100%        3
 Frozen Ramparts          Ice            0%           100%        3
 Gell's Gravitas          Tloc           0%           100%        3
 Inner Flame              Hex/Fire       0%           100%        3
 Lesser Beckoning         Tloc           0%           100%        3
 Ozocubu's Armour         Ice            0%           100%        3
 Static Discharge         Conj/Air       0%           100%        3
 Tukima's Dance           Hex            0%           100%        3
 Airstrike                Air            0%           100%        4
 Hailstorm                Conj/Ice       0%           100%        4
 Leda's Liquefaction      Hex/Erth       0%           100%        4
 Petrify                  Tmut/Erth      0%           100%        4
 Sticky Flame             Conj/Fire      0%           100%        4
 Summon Ice Beast         Ice/Summ       0%           100%        4
 Alistair's Intoxication  Tmut/Pois      0%           100%        5
 Bolt of Magma            Conj/Fire/Erth 0%           100%        5
 Fireball                 Conj/Fire      0%           100%        5
 Irradiate                Conj/Tmut      0%           100%        5
 Iskenderun's Battlesphe  Conj           0%           100%        5
 Lightning Bolt           Conj/Air       0%           100%        5
 Metabolic Englaciation   Hex/Ice        0%           100%        5
 Yara's Violent Unravell  Hex/Tmut       0%           100%        5
 Hydra Form               Tmut           0%           100%        6
 Invisibility             Hex            0%           100%        6
 Iron Shot                Conj/Erth      0%           100%        6
 Statue Form              Tmut/Erth      0%           100%        6
 Dragon Form              Tmut           0%           100%        7
 Orb of Destruction       Conj           0%           100%        7
 Spellforged Servitor     Conj/Summ      0%           100%        7
 Shatter                  Erth           0%           100%        9


Dungeon Overview and Level Annotations

Branches:
Dungeon (15/15)            Temple (1/1) D:7            Lair (6/6) D:11
  Swamp (4/4) Lair:2        Snake (4/4) Lair:2        Slime (0/5) Lair:5
    Orc (2/2) D:10            Elf (0/3) Orc:2        Vaults (4/5) D:14
  Crypt (0/3) Vaults:3     Depths (3/5) D:15        Volcano (visited)

Altars:
Ashenzari
Cheibriados
Dithmenos
Elyvilon
Fedhas
Gozag
Hepliaklqana
Kikubaaqudgha
Makhleb
Nemelex Xobeh
Okawaru
Qazlal
Ru
Sif Muna
Trog
Uskayaw
Vehumet
Wu Jian
Xom
Yredelemnul
Zin
The Shining One
Beogh
Jiyva

Shops:
D:7 =   D:10 [   D:11 !   D:13 *   Orc:2 ([*(   Snake:1 =}=   Vaults:1 (
Vaults:2 =   Vaults:3 (   Depths:1 !=}=   Depths:2 ([*

Portals:
Hell: Lair:6 Depths:1 Depths:2
Abyss: Depths:3
Pandemonium: Depths:1
Trove: D:11 (give 6 scrolls of fear)

Annotations:
D:5 3 runed translucent doors, Shayle's ghost, novice HOMo
D:10 3 runed translucent doors, dredge's ghost, novice MiBe; pkoi's ghost, journeyman MiGl; promet's ghost, journeyman GnMo; qqq123's ghost, journeyman GrFi; xraymikek's ghost, journeyman DrFE
Orc:2 3 runed translucent doors, XxsatanxX's ghost, journeyman MiBe


Innate Abilities, Weirdness & Mutations

You have a beak for a mouth.
You have claws for feet.
You can fly continuously.


Message History

Press: ? - help, Q - select action, (/) - cycle Shift-Dir - straight line, f - brown very ugly thing
Aim: a brown very ugly thing (summoned, 100% to hit)
You shoot a bolt.
The bolt hits the brown very ugly thing!
The brown very ugly thing is lightly wounded.
The brown very ugly thing barely misses you.
The hell knight hits you from afar with a +0 glaive of distortion.
Space warps horribly around you!!
* * * LOW HITPOINT WARNING * * *
The brown very ugly thing headbutts you but does no damage.
As you read the scroll of teleportation, it crumbles to dust.
You feel strangely unstable.
The brown very ugly thing headbutts you!
* * * LOW HITPOINT WARNING * * *
You are splashed with acid.
* * * LOW HITPOINT WARNING * * *
The hell knight hits you from afar with a +0 glaive of distortion!
* * * LOW HITPOINT WARNING * * *
Space warps horribly around you!
You die...

.##.## #.....# #...##..#
.#### #.....# #...# ....
.#######.....# #....#
.#.# .......'.....#
#...#. .# .#
#.######.....# #...## #
# #.# ####### #..p# #.#
.p. ..# ### .Q #.# #@#
gg #)##### # #u# g#
#.#...# .# #p# (#
#...#.####.# #u####.#
#.###....#.# #pu(pp.#
#..#####.#.# #uuu####
###......#.#+###.#p####
#.######.....#.#....###
....
#............#.####...##
....


You could see 5 very ugly things and 2 hell knights.

Vanquished Creatures
  Saint Roka (Orc:2)
  Vashnia (Snake:2)
  Nikola (Vaults:1)
  Jory (Depths:3)
  Jorgrun (Swamp:2)
  2 hellephants (Vaults:1)
  Rupert (D:13)
  Asterion (Depths:1)
  A quicksilver dragon (Depths:1)
  A sphinx (Vaults:2)
  A thorn hunter (Swamp:4)
  Donald (Vaults:2)
  A fenstrider witch (Swamp:4)
  8 nagarajas (Snake:4)
  2 fire giants
  3 frost giants
  3 deep elf sorcerers
  7 vault wardens
  A juggernaut zombie (Depths:3)
  A caustic shrike zombie (Depths:3)
  10 ironheart preservers
  A war gargoyle (Vaults:4)
  2 very ugly things (Depths:3)
  13 stone giants
  A dire elephant (shapeshifter) (Depths:1)
  3 deep elf demonologists
  2 entropy weavers (Vaults:2)
  3 spark wasps (Depths:2)
  4 bunyips
  2 deep elf annihilators (Vaults:1)
  4 ettins
  7 eleionomae
  4 yaktaur captains
  A quicksilver dragon zombie (Depths:3)
  6 fire dragons
  A deep elf death mage (Vaults:1)
  A blizzard demon (Depths:1)
  2 jiangshi (Depths:3)
  An eidolon (Vaults:3)
  7 vault guards
  3 great orbs of eyes
  5 ogre magi
  4 rakshasas
  9 naga warriors
  A great orb of eyes (shapeshifter) (D:13)
  6 ice dragons
  9 centaur warriors
  3 boulder beetles
  2 ghost crabs
  30 hydras
  A spriggan air mage (Depths:3)
  21 two-headed ogres
  10 anacondas
  12 alligators
  4 deep troll shamans
  A death knight (D:15)
  9 death yaks
  3 tengu warriors (D:15)
  2 spriggan berserkers
  2 deep troll earth magi
  3 vampire magi
  8 deep elf knights
  4 shock serpents
  18 naga sharpshooters
  10 spriggans
  2 sun demons
  An orc high priest (Orc:2)
  A fire crab (Volcano)
  Sonja (Orc:1)
  An iron troll (Depths:1)
  A shadow wraith (D:14)
  16 hell knights
  4 salamander mystics
  18 deep trolls
  A goliath frog (shapeshifter) (Depths:3)
  An unseen horror (shapeshifter) (D:13)
  10 skeletal warriors
  2 glowing orange brains
  2 spriggan druids
  7 goliath frogs
  2 unseen horrors
  5 wizards
  6 naga ritualists
  A bog body (Swamp:3)
  A golden dragon skeleton (D:15)
  3 sea snakes (Snake:3)
  7 deep elf archers
  2 phantasmal warriors
  6 ironbrand convokers
  11 swamp dragons
  2 harpies
  8 necromancers
  A lindwurm (Volcano)
  7 orc knights
  9 deep elf magi
  3 orc sorcerers
  A fire giant zombie (Depths:3)
  3 manticores
  4 cyclopes
  44 ugly things
  11 mana vipers
  6 will-o-the-wisps
  A wolf spider (shapeshifter) (D:15)
  2 oklob plants (D:11)
  20 naga magi
  12 salamanders
  An elephant (Lair:2)
  38 black mambas
  2 orange demons (Lair:6)
  A rust devil (Depths:1)
  3 molten gargoyles
  17 cane toads
  A gargoyle (D:14)
  12 vault sentinels
  2 spriggan skeletons (Depths:3)
  6 rime drakes
  A rime drake (shapeshifter) (Depths:2)
  15 komodo dragons
  A kobold demonologist (D:14)
  A freezing wraith (Vaults:3)
  25 yaktaurs
  3 ice devils (Lair:6)
  A hellwing (Lair:6)
  A red devil (Lair:6)
  A golden dragon simulacrum (Depths:3)
  3 trolls
  2 tengu conjurers
  An elf skeleton (Depths:3)
  3 meliai (D:13)
  14 tyrant leeches
  A queen bee (shapeshifter) (Depths:3)
  A troll (shapeshifter) (D:14)
  A bloated husk (Swamp:3)
  8 polar bears
  2 polar bears (shapeshifter)
  11 hornets
  A hornet (shapeshifter) (D:14)
  6 blink frogs
  33 slime creatures
  2 meliai zombies
  A deep troll zombie (D:15)
  A raiju (shapeshifter) (Depths:2)
  An ice dragon zombie (D:15)
  12 dream sheep
  A redback (Vaults:3)
  A water elemental (Depths:1)
  A spriggan (shapeshifter) (Depths:1)
  A tarantella (shapeshifter) (Vaults:3)
  A tarantella (Vaults:3)
  76 yaks
  A wyvern (D:13)
  A hog (shapeshifter) (Vaults:3)
  A shadow (D:11)
  10 fire bats (Volcano)
  A fire elemental (D:13)
  2 wraiths
  2 basilisks
  A neqoxec (Depths:1)
  4 wargs
  7 vampire mosquitoes
  19 swamp worms
  3 acid dragons
  3 soldier ants
  49 nagas
  A tengu zombie (D:15)
  5 hell hounds
  15 water moccasins
  A water moccasin (shapeshifter) (Vaults:1)
  10 swamp drakes
  44 orc warriors
  3 ice beasts
  A sky beast (D:8)
  A black bear (D:8)
  3 phantoms
  An eye of draining (D:15)
  25 wolves
  29 ogres
  2 necrophages
  24 boggarts
  14 centaurs
  3 big kobolds
  Blork the orc (D:15)
  A wyvern zombie (D:9)
  21 bullfrogs
  A gnoll sergeant (D:11)
  A water moccasin zombie (D:9)
  A wyvern skeleton (D:12)
  6 scorpions
  An elf simulacrum (Vaults:1)
  15 killer bees
  A human simulacrum (Vaults:2)
  An oklob sapling (D:7)
  3 wights (D:10)
  An electric eel (D:7)
  5 howler monkeys
  A crimson imp (Depths:2)
  7 lava snakes
  A quasit (D:6)
  2 centaur zombies
  A jelly (D:6)
  6 hounds
  30 orc wizards
  20 orc priests
  11 centaur skeletons
  A gnoll shaman (D:7)
  2 bullfrog skeletons (D:5)
  An iguana (D:9)
  6 hell rats (Lair:2)
  12 worker ants
  4 hound skeletons
  11 gnolls
  14 adders
  3 shadow imps
  4 white imps
  3 ufetubi
  An adder skeleton (D:9)
  An adder zombie (D:9)
  2 worms
  2 dart slugs (D:1)
  3 leopard geckos
  93 orcs
  8 bats
  5 giant cockroaches
  6 goblins
  10 hobgoblins
  10 jackals
  24 kobolds
  6 quokkas
  4 ball pythons
  7 frilled lizards
  2 giant cockroach zombies (D:5)
  6 rats
1532 creatures vanquished.

Vanquished Creatures (others)
  A necromancer (Vaults:3)
  A naga (Snake:4)
  A boggart (Depths:2)
  23 foxfires
  28 fungi
  103 plants
  18 withered plants (D:15)
175 creatures vanquished.

Grand Total: 1707 creatures vanquished

Notes
Turn   | Place    | Note
-------+----------+-------------------------------------------
     0 | D:1      | trckry the Tengu Hunter began the quest for the Orb.
     0 | D:1      | Reached XP level 1. HP: 12/12 MP: 2/2
    55 | D:1      | Reached XP level 2. HP: 14/17 MP: 3/3
   566 | D:1      | Reached XP level 3. HP: 19/21 MP: 4/4
  1438 | D:2      | Found a faded altar of an unknown god.
  1688 | D:2      | Reached skill level 1 in Armour
  1739 | D:2      | Reached XP level 4. HP: 25/26 MP: 5/5
  1797 | D:2      | Reached skill level 1 in Invocations
  2195 | D:2      | Reached skill level 1 in Staves
  2417 | D:3      | Reached skill level 5 in Crossbows
  2466 | D:3      | Reached skill level 1 in Evocations
  2826 | D:3      | Gained mutation: You can fly continuously. [Tengu growth]
  2826 | D:3      | Reached XP level 5. HP: 31/31 MP: 6/6
  3606 | D:4      | Noticed an ogre
  3723 | D:4      | Killed an ogre
  3724 | D:4      | Reached XP level 6. HP: 25/36 MP: 8/8
  4144 | D:5      | Entered Level 5 of the Dungeon
  4243 | D:5      | Found a stormy altar of Qazlal.
  4318 | D:5      | Reached XP level 7. HP: 41/41 MP: 9/9
  4338 | D:5      | Reached skill level 6 in Crossbows
  4736 | D:5      | Found an iron altar of Okawaru.
  4740 | D:5      | Found a shadowy altar of Dithmenos.
  4751 | D:5      | Became a worshipper of Warmaster Okawaru
  4975 | D:5      | Found a runed translucent gate.
  4976 | D:5      | Found a runed translucent gate.
  4976 | D:5      | Found a runed translucent gate.
  4976 | D:5      | Noticed Shayle's ghost (novice HOMo)
  5340 | D:6      | Reached XP level 8. HP: 36/47 MP: 9/11
  5567 | D:6      | Reached * piety under Okawaru
  5634 | D:6      | Noticed a two-headed ogre
  6363 | D:6      | Killed a two-headed ogre
  6363 | D:6      | Reached ** piety under Okawaru
  6364 | D:6      | Reached skill level 7 in Crossbows
  6364 | D:6      | Reached XP level 9. HP: 52/52 MP: 12/12
  6500 | D:6      | Found a blossoming altar of Fedhas.
  6500 | D:6      | Found a burning altar of Makhleb.
  6502 | D:6      | Found an opulent altar of Gozag.
  6504 | D:6      | Found a hide-covered altar of Uskayaw.
  7325 | D:7      | Reached skill level 5 in Dodging
  7393 | D:7      | Found Wets's Jewellery Shoppe.
  7396 | D:7      | Bought a cursed ring of attention for 45 gold pieces
  7471 | D:7      | Reached skill level 8 in Crossbows
  7659 | D:7      | Found a basalt altar of Yredelemnul.
  8134 | D:7      | Reached *** piety under Okawaru
  8375 | D:7      | Found a staircase to the Ecumenical Temple.
  8610 | Temple   | Entered the Ecumenical Temple
  9391 | D:8      | Reached skill level 5 in Fighting
  9582 | D:8      | Reached skill level 9 in Crossbows
  9582 | D:8      | Reached skill level 5 in Armour
  9582 | D:8      | Reached XP level 10. HP: 59/59 MP: 14/14
  9583 | D:8      | Reached skill level 5 in Staves
  9748 | D:8      | Received a gift from Okawaru
  9988 | D:8      | Found a sparkling altar of Nemelex Xobeh.
 10407 | D:9      | Noticed a two-headed ogre
 10418 | D:9      | Killed a two-headed ogre
 10418 | D:9      | Reached **** piety under Okawaru
 10419 | D:9      | Reached skill level 5 in Evocations
 10507 | D:9      | Received a gift from Okawaru
 10946 | D:9      | Noticed a two-headed ogre
 10985 | D:9      | Killed a two-headed ogre
 10985 | D:9      | Received a gift from Okawaru
 11180 | D:9      | Reached skill level 5 in Invocations
 11397 | D:9      | Reached skill level 10 in Crossbows
 11625 | D:9      | Received a gift from Okawaru
 11809 | D:9      | Reached XP level 11. HP: 61/64 MP: 12/15
 12072 | D:9      | Noticed a two-headed ogre
 12225 | D:9      | Killed a two-headed ogre
 12225 | D:9      | Received a gift from Okawaru
 12584 | D:10     | Entered Level 10 of the Dungeon
 12638 | D:10     | Found a runed translucent gate.
 12638 | D:10     | Found a runed translucent gate.
 12642 | D:10     | Noticed qqq123's ghost (journeyman GrFi)
 12643 | D:10     | Found a runed translucent gate.
 12643 | D:10     | Noticed dredge's ghost (novice MiBe)
 12643 | D:10     | Noticed promet's ghost (journeyman GnMo)
 12643 | D:10     | Noticed xraymikek's ghost (journeyman DrFE)
 12643 | D:10     | Noticed pkoi's ghost (journeyman MiGl)
 13319 | D:10     | HP: 9/64 [swamp worm (4)]
 13321 | D:10     | HP: 4/64 [swamp worm (17)]
 13633 | D:10     | Found a staircase to the Orcish Mines.
 13780 | D:10     | Found Buzisadd's Antique Armour Shoppe.
 14224 | D:10     | Received a gift from Okawaru
 14224 | D:10     | Reached ***** piety under Okawaru
 14554 | D:11     | Noticed an oklob plant
 14556 | D:11     | Noticed an oklob plant
 14557 | D:11     | Found a portal to a secret trove of treasure.
 14557 | D:11     | Found a staircase to the Lair.
 14689 | D:11     | Reached skill level 11 in Crossbows
 15277 | D:11     | Found Iqiur's Distillery.
 15282 | D:11     | Bought a potion of heal wounds for 75 gold pieces
 15282 | D:11     | Bought a potion of degeneration for 15 gold pieces
 15282 | D:11     | Bought a potion of curing for 45 gold pieces
 15282 | D:11     | Bought a potion of curing for 45 gold pieces
 15401 | D:11     | Killed an oklob plant
 15401 | D:11     | Received a gift from Okawaru
 15766 | D:11     | Killed an oklob plant
 16019 | D:12     | Noticed a deep elf mage
 16190 | D:12     | Noticed a cyclops
 16206 | D:12     | Killed a cyclops
 16207 | D:12     | Reached XP level 12. HP: 50/72 MP: 12/17
 16237 | D:12     | Noticed a fire dragon
 16310 | Lair:1   | Entered Level 1 of the Lair of Beasts
 16798 | Lair:1   | Received a gift from Okawaru
 17068 | D:7      | Bought the ring of Oteotai {rPois Int+4} for 354 gold
                  | pieces
 17312 | Lair:1   | Received a gift from Okawaru
 18054 | Lair:1   | Received a gift from Okawaru
 18159 | Lair:1   | Noticed a six-headed hydra
 18164 | Lair:1   | Killed a six-headed hydra
 18165 | Lair:1   | Reached skill level 12 in Crossbows
 18340 | Lair:2   | Found a staircase to the Snake Pit.
 18350 | Lair:2   | Noticed a six-headed hydra
 18355 | Lair:2   | Killed a six-headed hydra
 18556 | Lair:2   | Found a staircase to the Swamp.
 18740 | Lair:2   | Received a gift from Okawaru
 19488 | Lair:3   | Reached XP level 13. HP: 78/78 MP: 19/19
 19536 | Lair:3   | Reached ****** piety under Okawaru
 21122 | Lair:4   | Received a gift from Okawaru
 21123 | Lair:4   | Reached skill level 13 in Crossbows
 22343 | Lair:5   | Received a gift from Okawaru
 22606 | Lair:5   | Reached XP level 14. HP: 84/84 MP: 20/20
 22660 | Lair:5   | Received a gift from Okawaru
 22751 | Lair:5   | Got a translucent jade ring
 22834 | Lair:5   | You are sucked into a shaft and drop 1 floor!
 22834 | Lair:6   | Entered Level 6 of the Lair of Beasts
 22844 | Lair:6   | Found a dark tunnel.
 22849 | Volcano  | Entered a volcano
 23153 | Volcano  | Found a burning altar of Makhleb.
 23399 | Lair:6   | Identified the ring "Haoj" {rPois rF+ rC+++ Will- Str-4}
                  | (You found it on level 5 of the Lair of Beasts)
 23474 | Lair:6   | Reached skill level 14 in Crossbows
 23474 | Lair:6   | Reached skill level 10 in Dodging
 23526 | Lair:6   | Received a gift from Okawaru
 24365 | Lair:5   | Found a staircase to the Slime Pits.
 24366 | Lair:5   | Found a viscous altar of Jiyva.
 24701 | Lair:6   | Received a gift from Okawaru
 25110 | Lair:6   | Reached skill level 10 in Armour
 25304 | Lair:6   | Reached skill level 10 in Staves
 25312 | Lair:6   | Found a burning altar of Makhleb.
 25459 | Lair:6   | Received a gift from Okawaru
 25589 | Lair:6   | Found a gateway to Hell.
 26085 | Orc:1    | Entered Level 1 of the Orcish Mines
 26257 | Orc:2    | Entered Level 2 of the Orcish Mines
 26405 | Orc:1    | Noticed Sonja
 26408 | Orc:1    | Killed Sonja
 26422 | Orc:1    | Reached XP level 15. HP: 92/92 MP: 22/22
 26657 | Orc:2    | Found a staircase to the Elven Halls.
 26751 | Orc:2    | Found a runed translucent gate.
 26751 | Orc:2    | Found a runed translucent gate.
 26753 | Orc:2    | Found a runed translucent gate.
 26754 | Orc:2    | Noticed XxsatanxX's ghost (journeyman MiBe)
 26757 | Orc:2    | Found an iron altar of Okawaru.
 26792 | Orc:2    | Found a roughly hewn altar of Beogh.
 27051 | Orc:2    | Found a roughly hewn altar of Beogh.
 27126 | Orc:2    | Found Hoit's Assorted Antiques.
 27256 | Orc:2    | Found a roughly hewn altar of Beogh.
 27453 | Orc:2    | Found a roughly hewn altar of Beogh.
 27642 | Orc:2    | Noticed Saint Roka
 27666 | Orc:2    | HP: 13/92 [Saint Roka/divine providence (11)]
 28128 | Orc:2    | Killed Saint Roka
 28129 | Orc:2    | Reached skill level 10 in Fighting
 28129 | Orc:2    | Reached skill level 15 in Crossbows
 28176 | Orc:2    | Found Coschinox's Antique Armour Shoppe.
 28178 | Orc:2    | Found a roughly hewn altar of Beogh.
 28185 | Orc:2    | Found Tachah's Antique Weapon Emporium.
 28291 | Orc:2    | Found a roughly hewn altar of Beogh.
 28418 | Orc:2    | Found a roughly hewn altar of Beogh.
 28428 | Orc:2    | Found Harips's Weapon Emporium.
 28440 | Orc:2    | Bought 5 curare-tipped darts for 36 gold pieces
 28713 | Orc:2    | Bought a scroll of blinking for 150 gold pieces
 29279 | D:12     | Found a glowing golden altar of the Shining One.
 29870 | D:13     | Received a gift from Okawaru
 29871 | D:13     | Reached skill level 10 in Evocations
 29964 | D:13     | Noticed Rupert
 29992 | D:13     | Noticed an emperor scorpion
 29993 | D:13     | an emperor scorpion changed into a death yak
 30021 | D:13     | Killed Rupert
 30558 | D:13     | Found Ecethruar's General Store.
 30564 | D:13     | Bought a scroll of magic mapping for 42 gold pieces
 31283 | D:14     | Received a gift from Okawaru
 31284 | D:14     | Got an encrusted scale mail {god gift}
 32374 | D:14     | Reached skill level 16 in Crossbows
 32374 | D:14     | Reached XP level 16. HP: 95/99 MP: 24/24
 32616 | D:14     | Found a gate to the Vaults.
 33244 | D:14     | Got a buzzing cloak
 33255 | D:14     | Identified the cursed +0 cloak of Toseju {Rampage} (You
                  | found it on level 14 of the Dungeon)
 33592 | D:14     | Found a snail-covered altar of Cheibriados.
 33872 | D:15     | Entered Level 15 of the Dungeon
 33908 | D:15     | Reached skill level 10 in Invocations
 33934 | D:15     | Received a gift from Okawaru
 34083 | D:15     | Found a flickering gateway to a bazaar.
 34153 | Bazaar   | Entered a bazaar
 34153 | Bazaar   | Found Ohit's Antique Weapon Emporium.
 34153 | Bazaar   | Found Xeuceyshruff's General Store.
 34153 | Bazaar   | Found Ykhiech's Magic Scroll Shoppe.
 34153 | Bazaar   | Found Hefufuv's Armour Emporium.
 34153 | Bazaar   | Found Hipsotif's Distillery.
 34153 | Bazaar   | Found Bautor's Distillery.
 34172 | Bazaar   | Bought a potion of heal wounds for 45 gold pieces
 34174 | Bazaar   | Bought a scroll of immolation for 42 gold pieces
 34174 | Bazaar   | Bought a scroll of blinking for 90 gold pieces
 34174 | Bazaar   | Bought a scroll of blinking for 90 gold pieces
 34174 | Bazaar   | Bought a scroll of magic mapping for 42 gold pieces
 34174 | Bazaar   | Bought a scroll of teleportation for 36 gold pieces
 34178 | Bazaar   | Bought 2 scrolls of teleportation for 78 gold pieces
 34182 | Bazaar   | Bought a potion of curing for 57 gold pieces
 34182 | Bazaar   | Bought a potion of curing for 57 gold pieces
 34182 | Bazaar   | Bought a potion of curing for 57 gold pieces
 34278 | D:15     | Found a staircase to the Depths.
 34289 | D:15     | Received a gift from Okawaru
 34690 | D:15     | Received a gift from Okawaru
 34912 | D:15     | Received a gift from Okawaru
 35595 | D:15     | Noticed Blork the orc
 35597 | D:15     | Killed Blork the orc
 35603 | D:15     | Found a shimmering blue altar of Sif Muna.
 36026 | Snake:1  | Entered Level 1 of the Snake Pit
 36038 | Snake:1  | Found Assufefa's Jewellery Emporium.
 36038 | Snake:1  | Found Welil's Gadget Boutique.
 36039 | Snake:1  | Found Seiz's Jewellery Emporium.
 36130 | Snake:1  | Reached skill level 17 in Crossbows
 37064 | Snake:1  | Reached XP level 17. HP: 85/106 MP: 25/25
 37693 | Snake:2  | HP: 12/106 [naga sharpshooter/bolt (7)]
 37693 | Snake:2  | HP: 2/106 [naga sharpshooter/arrow (10)]
 37698 | Snake:1  | HP: 2/106 [poisoned by a black mamba]
 37705 | Snake:1  | HP: 2/106 [poisoned by a black mamba]
 38116 | Snake:2  | Received a gift from Okawaru
 39095 | Snake:2  | Received a gift from Okawaru
 39098 | Snake:2  | Noticed Vashnia
 39115 | Snake:2  | Killed Vashnia
 39641 | Snake:2  | Reached skill level 18 in Crossbows
 39947 | Snake:1  | Bought the ring of Rungebbuetz {rElec rC+ Will++} for 711
                  | gold pieces
 40376 | Snake:3  | Received a gift from Okawaru
 40974 | Snake:4  | Entered Level 4 of the Snake Pit
 41054 | Snake:3  | HP: 16/108 [poisoned by a nagaraja (bolt of poison)]
 41059 | Snake:3  | HP: 13/108 [poisoned by a nagaraja (bolt of poison)]
 41064 | Snake:3  | HP: 10/108 [poisoned by a nagaraja (bolt of poison)]
 41070 | Snake:3  | HP: 9/108 [poisoned by a nagaraja (bolt of poison)]
 41076 | Snake:3  | HP: 8/108 [poisoned by a nagaraja (bolt of poison)]
 41084 | Snake:3  | HP: 9/108 [poisoned by a nagaraja (bolt of poison)]
 42265 | Snake:4  | Reached XP level 18. HP: 113/113 MP: 26/26
 42462 | Snake:4  | Received a gift from Okawaru
 42497 | Snake:4  | Got an ichor-stained arbalest {god gift}
 42512 | Snake:4  | Identified the +8 arbalest "Moihotsi" {venom, rF++ Str-4
                  | Int+2} (Okawaru gifted it to you on level 4 of the Snake
                  | Pit)
 43299 | Snake:4  | Reached skill level 19 in Crossbows
 43443 | Snake:4  | Received a gift from Okawaru
 43738 | Snake:4  | Got a serpentine rune of Zot
 43928 | Swamp:1  | Entered Level 1 of the Swamp
 44145 | Swamp:1  | Got a clouded copper ring
 45572 | Swamp:2  | Received a gift from Okawaru
 46588 | Swamp:2  | Noticed Jorgrun
 46596 | Swamp:2  | Killed Jorgrun
 46596 | Swamp:2  | Received a gift from Okawaru
 47457 | Swamp:3  | Reached XP level 19. HP: 51/120 MP: 17/27
 47973 | Swamp:4  | Entered Level 4 of the Swamp
 48193 | Swamp:4  | Reached skill level 20 in Crossbows
 48690 | Swamp:4  | Received a gift from Okawaru
 49345 | Swamp:4  | Received a gift from Okawaru
 49885 | Swamp:4  | Got a decaying rune of Zot
 49994 | Swamp:4  | Identified the ring of Uhaliuts {rN++ MP+9 Str-5 Int-4
                  | SInv} (You found it on level 1 of the Swamp)
 50238 | Vaults:1 | Entered Level 1 of the Vaults
 50306 | Vaults:1 | Received a gift from Okawaru
 50507 | Vaults:1 | Received a gift from Okawaru
 50690 | Vaults:1 | Found Lerphiosh's Weapon Emporium.
 50746 | Vaults:1 | Found a huge runed gate.
 50746 | Vaults:1 | Found a huge runed gate.
 50746 | Vaults:1 | Found a huge runed gate.
 50747 | Vaults:1 | Found a huge runed gate.
 50747 | Vaults:1 | Found a huge runed gate.
 50747 | Vaults:1 | Found a huge runed gate.
 51103 | Vaults:1 | Found a huge runed gate.
 51103 | Vaults:1 | Found a huge runed gate.
 51103 | Vaults:1 | Found a huge runed gate.
 51103 | Vaults:1 | Noticed Nikola
 51104 | Vaults:1 | Found a huge runed gate.
 51105 | Vaults:1 | Found a huge runed gate.
 51105 | Vaults:1 | Found a huge runed gate.
 51106 | Vaults:1 | Found a huge runed gate.
 51128 | Vaults:1 | Killed Nikola
 51148 | Vaults:1 | Found a huge runed gate.
 51149 | Vaults:1 | Found a huge runed gate.
 52737 | Vaults:1 | Found a huge runed gate.
 52737 | Vaults:1 | Found a huge runed gate.
 52737 | Vaults:1 | Found a huge runed gate.
 52737 | Vaults:1 | Found a huge runed gate.
 52742 | Vaults:1 | Found a huge runed gate.
 52742 | Vaults:1 | Found a huge runed gate.
 52742 | Vaults:1 | Found a huge runed gate.
 52742 | Vaults:1 | Found a huge runed gate.
 52742 | Vaults:1 | Found a huge runed gate.
 52742 | Vaults:1 | Found a huge runed gate.
 52742 | Vaults:1 | Found a huge runed gate.
 52745 | Vaults:1 | Found the +9 heavy crossbow "Sniper" {vorpal, Acc+∞ SInv}
 52777 | Vaults:1 | Found a huge runed gate.
 52778 | Vaults:1 | Found a huge runed gate.
 52786 | Vaults:1 | Found a huge runed gate.
 52786 | Vaults:1 | Found a huge runed gate.
 52786 | Vaults:1 | Found a huge runed gate.
 52786 | Vaults:1 | Found a huge runed gate.
 52786 | Vaults:1 | Found a huge runed gate.
 52786 | Vaults:1 | Found a huge runed gate.
 52786 | Vaults:1 | Found a huge runed gate.
 52787 | Vaults:1 | Found a huge runed gate.
 53032 | Vaults:1 | Reached XP level 20. HP: 121/127 MP: 28/28
 53539 | Vaults:1 | Noticed a hellephant
 53539 | Vaults:1 | Noticed a hellephant
 53655 | Vaults:1 | Received a gift from Okawaru
 53999 | Vaults:1 | Killed a hellephant
 54000 | Vaults:1 | Reached skill level 21 in Crossbows
 54228 | Vaults:1 | Killed a hellephant
 55613 | Vaults:2 | Found Xiupalugh's Jewellery Emporium.
 55653 | Vaults:2 | Noticed Donald
 55659 | Vaults:2 | Killed Donald
 55725 | Vaults:2 | Received a gift from Okawaru
 56139 | Vaults:3 | Received a gift from Okawaru
 57227 | Vaults:3 | Found Nafomnac's Antique Weapon Shop.
 57437 | Vaults:3 | Reached XP level 21. HP: 74/133 MP: 16/29
 58052 | Vaults:3 | Received a gift from Okawaru
 58875 | Vaults:3 | Found a staircase to the Crypt.
 58882 | Vaults:3 | Reached skill level 15 in Fighting
 59799 | Vaults:4 | Reached skill level 22 in Crossbows
 60549 | Vaults:4 | Reached skill level 15 in Evocations
 60902 | Vaults:4 | Received a gift from Okawaru
 61229 | Depths:1 | Entered Level 1 of the Depths
 61407 | Depths:1 | Found a one-way gate leading to the halls of Pandemonium.
 61523 | Depths:1 | Received a gift from Okawaru
 61567 | Depths:1 | Noticed Asterion
 61573 | Depths:1 | Killed Asterion
 61998 | Depths:1 | Found Fulogiah's Jewellery Shoppe.
 61998 | Depths:1 | Found Moeniema's Distillery.
 62215 | Depths:1 | Found Lekatanol's Gadget Shoppe.
 62215 | Depths:1 | Found Cunol's Jewellery Emporium.
 62228 | Depths:1 | Bought a potion of heal wounds for 55 gold pieces
 62660 | Depths:1 | Received a gift from Okawaru
 62690 | Depths:1 | Identified the +0 crystal plate armour "Yfoduimuno" {-Cast
                  | Will+ Slay+3} (Okawaru gifted it to you on level 1 of the
                  | Depths)
 64977 | Depths:2 | Found Poosuit's Weapon Shop.
 64981 | Depths:2 | Found Rir Wah's Armour Boutique.
 64982 | Depths:2 | Found Sykheac's General Store.
 64989 | Depths:2 | Bought a scroll of teleportation for 60 gold pieces
 64989 | Depths:2 | Bought a scroll of magic mapping for 70 gold pieces
 65382 | Depths:3 | Noticed Jory
 65388 | Depths:2 | Reached XP level 22. HP: 120/140 MP: 24/30
 65452 | Depths:3 | Killed Jory
 66585 | Depths:3 | Received a gift from Okawaru
 66658 | Depths:3 | Received a gift from Okawaru
 67450 | Depths:3 | Found a one-way gate to the infinite horrors of the Abyss.
 67964 | Depths:3 | Reached skill level 23 in Crossbows
 67995 | Depths:3 | HP: 18/141 [acid[a boggart] (5)]
 67995 | Depths:3 | Slain by a hell knight

Illustrated notes

Levels and vault maps discovered:
D:1:      psy_arrival_radial01, layout_basic
D:2:      layout_loops_ring, chequers_ecumenical_altar_grove
D:3:      layout_basic, glass_columns_b, lightli_corner_chamber
D:4:      layout_rooms, serial_bayou_lagoon_a
D:5:      layout_loops_ring, chequers_temple_overflow_statue_of_worship,
          nicolae_qazlal_eye_of_the_storm, gammafunk_ghost_split
D:6:      layout_loops_ring, minitemple
D:7:      layout_basic, kennysheep_mini_moat, minmay_temple_entry_oklob,
          serial_shops, kennysheep_mini, serial_bayou_pond_c
D:8:      layout_loops_corners, nemelex_spade_bored_becter
D:9:      layout_irregular_city
D:10:     layout_long_grid, orc_0_dummy, gammafunk_ghost_cemetery, serial_shops,
          nicolae_shop_behind_doors, worms_lemuel
D:11:     layout_basic, dpeg_oklobed_lair, serial_shops, kennysheep_little_box,
          nicolae_trove_entry_isolated
D:12:     layout_cave_pools, tso_metal_star
D:13:     layout_basic, serial_bayou_pond_b, minmay_shop_grid_forest,
          kennysheep_island_fort, uniq_rupert
D:14:     layout_cave_pods, david_vaults_4, cheibriados_altar_1
D:15:     gammafunk_depths_entry_grave, layout_basic, tgw_sif, serial_shops,
          bzr_entry_lakeside
Temple:   eino_temple_water
Lair:1:   layout_layer_cave, nicolae_lair_grove_arrangements
Lair:2:   layout_chaotic_city, swamp_mist, dummy_snake_entry,
          hangedman_lair_generics_rect, grunt_megastairs_1
Lair:3:   layout_concentric_octagons, minivault_25, st_stairs_3,
          chequers_serial_rivers_marsh, grunt_megastairs_5
Lair:4:   layout_regular_city, kilobyte_rumbling_trees
Lair:5:   layout_regular_city, slime_altar_1
Lair:6:   evil_forest, layout_gridlike, nicolae_volcano_entry_lava_flow
Swamp:1:  layout_basic_swamp, hangedman_swamp_lotus, infiniplex_staircase_pool_2
Swamp:2:  layout_falls_marsh, nicolae_swamp_triple_paths, swamp_pool5,
          uniq_jorgrun
Swamp:3:  layout_basic_swamp, evilmike_swamp_ruin_rubble_1,
          infiniplex_staircase_pool
Swamp:4:  swamp, layout_basic_swamp, swamp_pool1
Snake:1:  layout_gridlike, minmay_shop_grove
Snake:2:  layout_misc_corridors, uniq_vashnia
Snake:3:  layout_basic
Snake:4:  minmay_snake_end_coiled, layout_rooms, grunt_ministairs_2,
          guppyfry_library_mini
Orc:1:    layout_caves, uniq_sonja
Orc:2:    grunt_orc_community_town_hall, layout_caves,
          grunt_orc_community_big_house_1, grunt_orc_community_big_house_2,
          grunt_orc_community_house_3, grunt_orc_community_house_1,
          grunt_orc_community_house_3, grunt_orc_community_house_2,
          grunt_orc_community_house_3, grunt_orc_community_house_3,
          gammafunk_ghost_fury_of_okawaru
Vaults:1: ontoclasm_vaults_hangar, vaults_not_door_vault_due,
          nicolae_vaults_yaktaur_gun_rack, nicolae_vaults_alarming,
          vaults_room_fancy_cross, v_pattern_4, ontoclasm_vaults_loading_screen,
          layout_vaults_omnigrid, serial_shops, nicolae_shop_window_shopping,
          uniq_nikola
Vaults:2: ontoclasm_vaults_bender, nicolae_vaults_circle_grid_a,
          nicolae_vaults_ring_of_whatevers, v_pattern_2, v_misc_9,
          nicolae_vaults_holding_cells, grunt_vaults_hallway_long,
          nicolae_vaults_network_s, nicolae_vaults_triangles,
          vaults_room_corners, layout_vaults_big_room, serial_shops, shop,
          uniq_donald
Vaults:3: grunt_vaults_trifunnel, nicolae_vaults_big_ls, grunt_vaults_bifocal,
          nicolae_vaults_what_the_h, nicolae_vaults_back_hallway,
          nicolae_vaults_circle_grid_a, hangedman_vaults_slice,
          minmay_crypt_entry_simple_round, ontoclasm_vaults_fault,
          nicolae_vaults_hallways_thing, nicolae_vaults_mini_display_case,
          ontoclasm_vaults_loading_screen, vaults_room_semicircle,
          nicolae_vaults_border_crossing, layout_vaults_maze_bifur,
          serial_shops, nicolae_shop_stone
Vaults:4: v_misc_33, v_misc_12, vaults_dpeg_diagonal, ontoclasm_vaults_twist,
          nicolae_vaults_rhombus_5, vaults_room_octagon,
          grunt_vaults_hallway_long, hangedman_vaults_nails,
          hangedman_vaults_restitches, grunt_vaults_hallway_short,
          nicolae_vaults_circle_grid_a, layout_vaults_omnicross
Depths:1: layout_gridlike, rand_demon_pan_entry_5, hell_entry,
          minmay_tree_intersection, hangedman_abyss_or_decor_stabs,
          patterned_corridor, minmay_shoptagon, uniq_asterion
Depths:2: minmay_skeletal_surprise, layout_cave_shapes, serial_shops,
          bzr_entry_road, hangedman_geh_valley, minmay_staircase_windowed_large,
          minmay_shop_star
Depths:3: minmay_inner_zag, layout_gridlike, pf_hell_entry_tar_spiral,
          abyss_entry, rand_demon_pan_entry_3, serial_co_window_serial,
          co_window_of_opportunity_a, co_window_paths_b, co_window_paths_a,
          co_window_corner_a, co_window_corner_a, co_window_of_opportunity_a,
          co_window_corner_a, co_window_corner_b, co_window_unsneaky_path_a,
          co_window_broadway_a, co_window_unsneaky_path_e, glass_columns_a,
          glass_columns_c, glass_columns_b, minmay_variable_closet, uniq_jory

Skill      XL: |  1  2  3  4  5  6  7  8  9 10 11 12 13 14 15 16 17 18 19 20 21 22 |
---------------+-------------------------------------------------------------------+-----
Armour         | 1 2 3 4 5 6 7 8 9 10 11 12 13 | 13.6
Invocations    | 1 2 3 4 5 6 7 8 9 10 | 10.0
Staves         | 1 2 3 4 6 7 8 9 10 11 12 13 14 | 14.0
Crossbows      | 5 6 7 9 10 11 12 13 14 16 17 18 19 20 21 22 23 | 23.0
Evocations     | 1 2 3 4 5 6 7 8 9 10 11 12 13 14 15 | 15.6
Dodging        | 3 4 5 6 7 8 9 10 11 12 13 | 13.6
Fighting       | 3 4 5 6 7 8 9 10 11 12 13 14 15 | 15.7
Stealth        | |  1.0

Action                   |  1- 3 |  4- 6 |  7- 9 | 10-12 | 13-15 | 16-18 | 19-21 | 22-24 || total
-------------------------+-------+-------+-------+-------+-------+-------+-------+-------++-------
Melee: Short sword       |    52 |       |       |       |       |       |       |       ||    52
       Kick              |    15 |    26 |    23 |     9 |     9 |     1 |     1 |    14 ||    98
       Peck              |    11 |    10 |    18 |     7 |     7 |     2 |       |     8 ||    63
       Hand axe          |    19 |    81 |    85 |    15 |       |       |       |       ||   200
       Quarterstaff      |       |       |       |    11 |    39 |     5 |       |       ||    55
       Arbalest          |       |       |       |       |     2 |       |     1 |       ||     3
       Lajatang          |       |       |       |       |       |       |       |    23 ||    23
 Fire: Hand crossbow     |     3 |    51 |   279 |   763 |       |       |       |       ||  1096
       Arbalest          |       |       |       |    94 |  1095 |  1442 |   510 |       ||  3141
       Heavy crossbow    |       |       |       |       |       |       |   722 |   161 ||   883
Throw: Throwing net      |       |       |     1 |       |       |       |       |       ||     1
Invok: Heroism           |       |       |     2 |     2 |     1 |       |     6 |     1 ||    12
       Finesse           |       |       |       |     1 |     1 |       |    12 |     1 ||    15
 Abil: Fly               |       |     1 |       |       |       |       |       |       ||     1
Evoke: Wand              |       |       |     3 |     5 |       |       |     1 |       ||     9
       Condenser vane    |       |       |       |       |       |       |     1 |       ||     1
  Use: Potion            |       |       |       |     7 |     6 |       |     4 |     1 ||    18
       Scroll            |       |       |       |    24 |     4 |     5 |    14 |     1 ||    48
 Stab: Sleeping          |       |       |     8 |       |       |       |       |       ||     8
       Invisible         |       |       |       |     2 |       |       |       |       ||     2
       Distracted        |       |       |       |       |       |       |       |     1 ||     1
Armor: Leather armour    |     9 |       |       |       |       |       |       |       ||     9
       Chain mail        |    20 |    58 |       |       |       |       |       |       ||    78
       Shadow dragon sca |       |       |   108 |   177 |   282 |   386 |   370 |       ||  1323
       Gold dragon scale |       |       |       |       |       |       |   107 |   157 ||   264
Dodge: Dodged            |    37 |    38 |   104 |   221 |   400 |   471 |   520 |    99 ||  1890
